 Dungeon Crawl Stone Soup version 0.20-a0-1073-g49e0d3e (webtiles) character file.

393 Murumi the Covert (level 6, 0/44 HPs)
             Began as a Vampire Enchanter on Apr 29, 2017.
             Succumbed to emsyzz's ghost's poison
             ... on level 4 of the Dungeon.
             The game lasted 00:14:59 (3703 turns).

Murumi the Covert (Vampire Enchanter)               Turns: 3703, Time: 00:14:59

Health: 0/44       AC:  4    Str:  5 (7)  XL:     6   Next: 51%
Magic:  1/9        EV: 12    Int: 20 (22) God:
Gold:   105        SH:  0    Dex: 14 (17) Spells: 3/9 levels left

rFire    . . .     SeeInvis +   a - +2 dagger
rCold    . . .     Gourm    .   (no shield)
rNeg     + . .     Faith    .   b - +0 robe
rPois    .         Spirit   .   (no helmet)
rElec    .         Reflect  .   (no cloak)
rCorr    .         Harm     .   e - +0 pair of gloves
MR       .....                  i - +0 pair of boots
Stlth    ++++......             (no amulet)
Regen    0.2/turn               (no ring)
MPRegen  0.2/turn               (no ring)

@: brilliant, lethally poisoned (0 -> -9), very slightly contaminated, invisible
(expiring)
A: fangs 3, see invisible, unbreathing
a: Bat Form


You were on level 4 of the Dungeon.
You were not thirsty.

You visited 1 branch of the dungeon, and saw 4 of its levels.

You collected 105 gold pieces.

Inventory:

Hand Weapons
 a - a +2 dagger (weapon)
Armour
 b - a +0 robe (worn)
 e - a +0 pair of gloves (worn)
 i - a +0 pair of boots (worn)
Jewellery
 n - an uncursed amulet of guardian spirit {unknown}
Wands
 o - a wand of acid (9/15)
Scrolls
 h - 2 scrolls of remove curse
 m - 2 scrolls of teleportation
Potions
 d - 13 potions of blood
 g - a potion of brilliance
Books
 c - a book of Maledictions

   Spells                             Type                      Level
   a - Corona                         Hexes                        1
   b - Ensorcelled Hibernation        Hexes/Ice                    2
   c - Confuse                        Hexes                        3
   d - Tukima's Dance                 Hexes                        3
   e - Dazzling Spray                 Conjuration/Hexes            3


   Skills:
 - Level 2.1 Fighting
 - Level 2.1 Short Blades
 - Level 2.1 Dodging
 - Level 10.0 Stealth
 - Level 2.0 Spellcasting
 + Level 4.6 Hexes


You had 3 spell levels left.
You knew the following spells:

 Your Spells              Type           Power        Failure   Level  Hunger
a - Corona                Hex            ####...      1%          1    #......
b - Ensorcelled Hibernat  Hex/Ice        ###...       1%          2    ##.....
c - Confuse               Hex            ####....     1%          3    ###....


Dungeon Overview and Level Annotations

Branches:
Dungeon (4/15)
 Temple: D:4-7

Altars:
Ashenzari
Hepliaklqana

Annotations:
D:4 emsyzz's ghost, amateur SpEE


Innate Abilities, Weirdness & Mutations

You have razor-sharp teeth.
You have supernaturally acute eyesight. (SInv)
You can survive without breathing.


Message History

You feel sick.
Emsyzz's ghost closely misses the howler monkey.
You hit emsyzz's ghost but do no damage.
You bite emsyzz's ghost, but do no damage.
Emsyzz's ghost is severely damaged.
* * * LOW HITPOINT WARNING * * *
You feel sick.
You feel a bit more experienced. Emsyzz's ghost misses you.
You hit emsyzz's ghost.
Emsyzz's ghost is almost destroyed.
* * * LOW HITPOINT WARNING * * *
You feel sick.
The hound dies!
You hit emsyzz's ghost.
Emsyzz's ghost is almost destroyed.
You flicker for a moment.
* * * LOW HITPOINT WARNING * * *
You feel sick. Emsyzz's ghost closely misses you.
You hit emsyzz's ghost but do no damage.
Emsyzz's ghost is almost destroyed.
You die...

...................<..####
###......................#
.###..........%..#
##.........%..#
..........(...#
##...........)# #
####.........####
...#####%...........#
.......#@...........#
#hW#####....>..# ##O#
#.......# #.# #.......#
#.# ######### ... #.. ##.
..


You could see an ogre, a howler monkey (wandering) and emsyzz's ghost
(confused).

Vanquished Creatures
  A phantom (D:4)
  A bullfrog (D:4)
  4 worker ants (D:4)
  5 adders
  2 oozes
  An adder skeleton (D:4)
  2 worms (D:2)
  3 dart slugs
  4 leopard geckos
  A ball python (D:1)
  7 giant cockroaches
  5 goblins
  5 hobgoblins
  4 jackals (D:2)
  3 kobolds
  A quokka (D:2)
  7 bats
  4 frilled lizards
  12 rats
72 creatures vanquished.

Vanquished Creatures (collateral kills)
  A hound (D:4)
  An orc (D:4)
2 creatures vanquished.

Grand Total: 74 creatures vanquished

Notes
Turn   | Place    | Note
-------+----------+-------------------------------------------
     0 | D:1      | Murumi the Vampire Enchanter began the quest for the Orb.
     0 | D:1      | Reached XP level 1. HP: 13/13 MP: 3/3
   141 | D:1      | Reached skill level 5 in Stealth
   316 | D:1      | Reached XP level 2. HP: 12/20 MP: 3/5
   320 | D:1      | Learned a level 2 spell: Ensorcelled Hibernation
   391 | D:1      | Reached skill level 1 in Fighting
   815 | D:1      | Reached skill level 6 in Stealth
   850 | D:1      | Reached XP level 3. HP: 26/26 MP: 3/6
  1177 | D:2      | Found a hazy altar of Hepliaklqana.
  1715 | D:2      | Reached skill level 7 in Stealth
  1715 | D:2      | Reached XP level 4. HP: 23/32 MP: 0/7
  2695 | D:3      | Found a shattered altar of Ashenzari.
  2952 | D:3      | Learned a level 3 spell: Confuse
  3420 | D:4      | Noticed emsyzz's ghost (amateur SpEE)
  3467 | D:4      | Noticed a bullfrog
  3467 | D:4      | Noticed a phantom
  3470 | D:4      | Killed a bullfrog
  3470 | D:4      | Reached skill level 8 in Stealth
  3470 | D:4      | Reached XP level 5. HP: 37/37 MP: 8/8
  3475 | D:4      | Killed a phantom
  3475 | D:4      | Reached skill level 9 in Stealth
  3475 | D:4      | Reached XP level 6. HP: 43/43 MP: 9/9
  3486 | D:4      | Reached skill level 10 in Stealth
  3701 | D:4      | HP: 2/44 [poisoned by emsyzz's ghost]
  3703 | D:4      | Succumbed to emsyzz's ghost's poison

Vault maps used:
D:1:      dpeg_arrival_ratfight
D:2:      lemuel_doored_altar
D:3:      nicolae_ashenzari_panopticon
D:4:      temple_statues, first_bread, uniq_natasha

Skill      XL: |  1  2  3  4  5  6 |
---------------+-------------------+-----
Stealth        | 5 6 7 8 9 10 | 10.0
Fighting       | 1 2 |  2.1
Short Blades   | 2 |  2.1
Dodging        | |  2.1
Spellcasting   | |  2.0
Hexes          | |  4.6

Action                   |  1- 3 |  4- 6 || total
-------------------------+-------+-------++-------
Melee: Dagger            |    97 |    84 ||   181
       Bite              |    11 |     2 ||    13
 Cast: Corona            |    11 |       ||    11
       Ensorcelled Hiber |    22 |    32 ||    54
       Confuse           |       |     4 ||     4
  Use: Scroll            |     6 |       ||     6
       Potion            |       |    10 ||    10
 Stab: Sleeping          |    26 |    25 ||    51
       Confused          |       |     1 ||     1
Armor: Robe              |    22 |    16 ||    38
Dodge: Dodged            |    65 |    50 ||   115
